 Dungeon Crawl Stone Soup version 0.28.0 (webtiles) character file.

Game seed: 2338804209671173415

5526 Eitelfritz the Carver (level 10, 0/90 HPs)
             Began as a Minotaur Gladiator on Feb 11, 2022.
             Slain by a skeletal warrior (7 damage)
             ... led by a death knight
             ... on level 7 of the Dungeon.
             The game lasted 00:19:24 (9839 turns).

Eitelfritz the Carver (Minotaur Gladiator)          Turns: 9839, Time: 00:19:25

Health: 0/90       AC: 14    Str: 21    XL:     10   Next: 43%
Magic:  9/9        EV: 13    Int:  5    God:
Gold:   540        SH:  0    Dex: 14    Spells: 9/9 levels left

rFire   . . .      SeeInvis .   a - +0 long sword (flame)
rCold   + . .      Faith    .   (no shield)
rNeg    . . .      Spirit   .   D - +0 acid dragon scales
rPois   .          Reflect  .   c - +2 hat
rElec   .          Harm     .   E - +1 cloak
rCorr   +          Rampage  .   M - +0 pair of gloves
Will    +....                   (no boots)
Stlth   ++........              (no amulet)
HPRegen 0.25/turn               p - ring of protection from cold
MPRegen 0.11/turn               s - ring of willpower

@: hasted, studying Invocations, very quick
A: horns 2, retaliatory headbutt
a: no special abilities


You were on level 7 of the Dungeon.
You visited 2 branches of the dungeon, and saw 10 of its levels.
You also visited: Ossuary.

You collected 540 gold pieces.

Inventory:

Hand Weapons
 a - a +0 long sword of flaming (weapon)
 b - a +0 shortbow
 C - a +2 long sword
Missiles
 d - 2 throwing nets
 f - 9 poisoned darts
 o - a boomerang
 y - a curare-tipped dart (quivered)
 F - 77 arrows
Armour
 c - a +2 hat (worn)
 j - a +0 chain mail
 w - the +4 ring mail of a Million Tusks {Str+6}
   (You found it on level 5 of the Dungeon)

   Str:       It affects your strength (+6).
 D - +0 acid dragon scales (worn)
 E - a +1 cloak (worn)
 J - a scarf of invisibility
 M - a +0 pair of gloves (worn)
Jewellery
 p - a ring of protection from cold (left hand)
 s - a ring of willpower (right hand)
 v - a ring of wizardry
 I - a +4 ring of protection
 L - a ring of resist corrosion
Wands
 u - a wand of flame (14)
 A - a wand of mindburst (12)
Scrolls
 i - a scroll of enchant armour
 k - a scroll of torment {unknown}
 n - 4 scrolls of vulnerability
 r - 2 scrolls of teleportation
 G - a scroll of amnesia {unknown}
Potions
 e - 5 potions of flight
 g - 2 potions of attraction {unknown}
 h - a potion of haste
 l - 3 potions of cancellation
 q - 2 potions of lignification
 t - a potion of brilliance {unknown}
 x - a potion of mutation {unknown}
 z - a potion of berserk rage {unknown}
 B - a potion of magic {unknown}
 K - a potion of might {unknown}


   Skills:
 + Level 8.8 Fighting
 + Level 12.8 Long Blades
 + Level 2.5 Throwing
 + Level 9.0 Armour
 + Level 5.5 Dodging
 + Level 2.7 Stealth


You had 9 spell levels left.
You didn't know any spells.
Your spell library contained the following spells:

 Spells                   Type           Power      Damage    Failure   Level
 Beastly Appendage        Tmut           0%         N/A       54%         1
 Freeze                   Ice            0%         1d3       54%         1
 Ensorcelled Hibernation  Hex/Ice        0%         N/A       69%         2
 Wereblood                Tmut           0%         N/A       69%         2
 Frozen Ramparts          Ice            0%         1d2       89%         3
 Spider Form              Tmut/Pois      0%         N/A       89%         3
 Anguish                  Hex/Necr       0%         N/A       100%        4
 Fulminant Prism          Conj/Hex       0%         3d6       100%        4
 Hailstorm                Conj/Ice       0%         3d3       100%        4
 Iskenderun's Mystic Bla  Conj/Tloc      0%         2d3       100%        4
 Petrify                  Tmut/Erth      0%         N/A       100%        4
 Lee's Rapid Deconstruct  Erth           0%         3d5*      100%        5
 Metabolic Englaciation   Hex/Ice        0%         N/A       100%        5
 Statue Form              Tmut/Erth      0%         N/A       100%        6


Dungeon Overview and Level Annotations

Branches:
Dungeon (9/15)             Temple (1/1) D:6         Ossuary (visited)
   Lair: D:8-11         Orc: D:9-12

Altars:
Ashenzari
Cheibriados
Dithmenos
Elyvilon
Fedhas
Gozag
Hepliaklqana
Kikubaaqudgha
Makhleb
Nemelex Xobeh
Okawaru
Qazlal
Ru
Sif Muna
Trog
Vehumet
Wu Jian
Xom
Yredelemnul
Zin
The Shining One


Innate Abilities, Weirdness & Mutations

You have a pair of horns on your head.
You reflexively headbutt those who attack you in melee.


Message History

The skeletal warrior is moderately damaged.
The orc hits you from afar with a +0 trident.
You slash the skeletal warrior! You burn the skeletal warrior.
You headbutt the skeletal warrior!
The skeletal warrior is severely damaged.
The skeletal warrior hits you with a +1 vorpal flail!
Unknown command.
You closely miss the skeletal warrior.
Your headbutt misses the skeletal warrior.
The skeletal warrior is severely damaged.
The orc hits you but does no damage.
You barely miss the skeletal warrior. Your punch misses the skeletal warrior.
The skeletal warrior is severely damaged.
The skeletal warrior hits you with a +1 vorpal flail!
* * * LOW HITPOINT WARNING * * *
x2 You hit the skeletal warrior.
You burn the skeletal warrior. You headbutt the skeletal warrior.
The skeletal warrior is almost destroyed.
The orc closely misses you.
You closely miss the skeletal warrior.
The skeletal warrior is almost destroyed.
The skeletal warrior hits you but does no damage.
You hit the skeletal warrior but do no damage.
You headbutt the skeletal warrior, but do no damage.
The skeletal warrior is almost destroyed.
The orc misses you.
You barely miss the skeletal warrior.
The skeletal warrior is almost destroyed.
The skeletal warrior hits you but does no damage.
You hit the skeletal warrior but do no damage.
The skeletal warrior is almost destroyed.
The orc hits you but does no damage.
You hit the skeletal warrior. You burn the skeletal warrior.
The skeletal warrior is almost destroyed.
The skeletal warrior hits you with a +1 vorpal flail!
* * * LOW HITPOINT WARNING * * *
x2 You feel much better.
The orc closely misses you.
The skeletal warrior hits you with a +1 vorpal flail!!
* * * LOW HITPOINT WARNING * * *
You die...

#...###.#####..# #.#.#
..#.####.## #.#
#..#####.#.####
....z..z.#
#.#####..##..........
#.#.#.#..#
#.#............)...#.
.........#
#.#.####.##.####.#...
#.#.#.#..# #.#.## #.##.#
#.#.#. .......:.#
#....###.##.# #.#...
#.#.#.#..# #........##.#
#.#.#. W........#
##.z@###..#.####.)...
#.#.#.#.........##
#........##### ......o.#
#..#.#.#.# # ........#
#........# .........
##.#.#.#.# ........##
#.......##
o.......##.##.#)#.#..####
...............).........
........)..)..#.###


You could see a skeletal warrior and an orc.

Vanquished Creatures
  2 two-headed ogres
  Maggie (D:6)
  Sigmund (D:6)
  3 wyverns
  A steam dragon (D:7)
  2 water moccasins
  An acid dragon (D:6)
  A black bear (D:5)
  3 ice beasts
  2 ogres (D:5)
  2 centaurs
  2 phantoms
  2 kobold brigands (D:4)
  2 bullfrogs
  Blork the orc (D:6)
  3 scorpions
  5 water moccasin zombies
  A water moccasin skeleton (D:6)
  5 wights (D:8)
  A bullfrog zombie (D:6)
  2 electric eels (D:8)
  2 hounds
  4 jellies
  3 orc priests
  2 gnoll shamans
  A bullfrog skeleton (D:4)
  Jessica (D:2)
  2 iguanas
  7 orc wizards
  A killer bee zombie (D:8)
  2 hound skeletons (D:4)
  A howler monkey zombie (D:5)
  2 mummies (Ossuary)
  5 adders
  8 gnolls
  A shadow imp (D:6)
  A white imp (D:5)
  An ufetubus (D:5)
  4 adder zombies (Ossuary)
  2 adder skeletons
  2 worms
  22 orcs
  12 bats
  22 endoplasms
  A giant cockroach (D:4)
  8 goblins
  9 hobgoblins
  9 jackals
  12 kobolds
  5 quokkas
  12 ball pythons
  6 frilled lizards
  5 gnoll zombies (Ossuary)
  4 hobgoblin zombies (Ossuary)
  4 kobold zombies (Ossuary)
  3 orc zombies (Ossuary)
  10 rats
239 creatures vanquished.

Vanquished Creatures (others)
  A bullfrog (D:8)
  A gnoll (D:8)
  9 fungi (D:3)
  7 toadstools (D:3)
18 creatures vanquished.

Grand Total: 257 creatures vanquished

Notes
Turn   | Place    | Note
-------+----------+-------------------------------------------
     0 | D:1      | Eitelfritz the Minotaur Gladiator began the quest for the
                  | Orb.
     0 | D:1      | Reached XP level 1. HP: 18/18 MP: 0/0
   191 | D:1      | Reached skill level 4 in Long Blades
   194 | D:1      | Reached XP level 2. HP: 25/25 MP: 1/1
   513 | D:1      | Reached XP level 3. HP: 30/30 MP: 2/2
  1008 | D:1      | Found a faded altar of an unknown god.
  1116 | D:2      | Noticed Jessica
  1126 | D:2      | Killed Jessica
  1127 | D:2      | Reached skill level 1 in Armour
  1149 | D:2      | Reached XP level 4. HP: 38/38 MP: 3/3
  1431 | D:2      | Reached skill level 5 in Long Blades
  2118 | D:3      | Noticed an ice beast
  2464 | D:3      | Reached XP level 5. HP: 34/45 MP: 4/4
  2883 | D:3      | Killed an ice beast
  2884 | D:3      | Reached skill level 6 in Long Blades
  2884 | D:3      | Reached XP level 6. HP: 50/52 MP: 5/5
  3173 | D:4      | Found a hazy altar of Hepliaklqana.
  3235 | D:4      | Found a shimmering altar of Xom.
  3267 | D:4      | Reached skill level 1 in Stealth
  3503 | D:4      | Reached skill level 7 in Long Blades
  3609 | D:4      | Reached XP level 7. HP: 58/59 MP: 6/6
  4324 | D:4      | Found a stormy altar of Qazlal.
  4490 | D:5      | Entered Level 5 of the Dungeon
  4619 | D:5      | Reached skill level 8 in Long Blades
  4661 | D:5      | Reached skill level 5 in Armour
  4687 | D:5      | Found a basalt altar of Yredelemnul.
  4708 | D:5      | HP: 3/60 [poisoned by a water moccasin]
  5017 | D:5      | Reached XP level 8. HP: 47/67 MP: 7/7
  5475 | D:5      | Reached skill level 9 in Long Blades
  5587 | D:5      | Reached skill level 5 in Fighting
  5933 | D:5      | Noticed a two-headed ogre
  5949 | D:5      | Killed a two-headed ogre
  5950 | D:5      | Reached skill level 10 in Long Blades
  5950 | D:5      | Reached XP level 9. HP: 44/78 MP: 8/8
  6280 | D:5      | Identified the +4 ring mail of a Million Tusks {Str+6}
  6331 | D:5      | Found a glowing golden altar of the Shining One.
  6384 | D:6      | Found a sand-covered staircase.
  6403 | D:6      | You fall into a shaft and drop 3 floors!
  6414 | D:8      | Noticed a two-headed ogre
  6423 | D:8      | Killed a two-headed ogre
  6424 | D:8      | Reached skill level 11 in Long Blades
  6505 | D:6      | HP: 1/79 [acid dragon (3)]
  6534 | Ossuary  | Entered an ossuary
  7363 | D:6      | Noticed Sigmund
  7376 | D:6      | Killed Sigmund
  7385 | D:6      | Reached skill level 12 in Long Blades
  7663 | D:6      | Noticed Maggie
  7687 | D:6      | Killed Maggie
  7688 | D:6      | Reached XP level 10. HP: 63/88 MP: 9/9
  7941 | D:6      | Found a staircase to the Ecumenical Temple.
  8046 | D:6      | Noticed Blork the orc
  8053 | D:6      | Killed Blork the orc
  8096 | D:6      | Found a radiant altar of Vehumet.
  8530 | Temple   | Entered the Ecumenical Temple
  8630 | D:7      | Found a burning altar of Makhleb.
  8699 | D:7      | Reached skill level 5 in Dodging
  8882 | D:7      | Found a shimmering blue altar of Sif Muna.
  8903 | D:7      | Noticed a skeletal warrior
  9119 | D:8      | Found a glowing silver altar of Zin.
  9821 | D:7      | HP: 3/90 [skeletal warrior[a death knight] (20)]
  9838 | D:7      | HP: 4/90 [skeletal warrior[a death knight] (15)]
  9839 | D:7      | Slain by a skeletal warrior

Illustrated notes

Levels and vault maps discovered:
D:1:      sevenhm_arrival_forest_fort_small_4, layout_loops_corners,
          shapermc_ecumenical_altar_mp_urbaneastern,
          minmay_misc_feat_more_columns, minivault_11, minmay_close_crescents
D:2:      layout_basic, uniq_jessica
D:3:      cheibrodos_fertilizer, layout_rooms, hangedman_glass_garden
D:4:      layout_loops_cross, nicolae_hepliaklqana_hippocampus,
          xom_confusion_cloud, lemuel_coloured_pillars_altar, dk_noncrumbling_4,
          grunt_ministairs_13, corexii_checkpoint_a, minmay_manual_maat
D:5:      layout_loops_ring, mainiacjoe_overflow_small_starburst,
          tso_oasis_becter
D:6:      layout_cave_pods, vehumet_altar_wand_db, minmay_temple_entry_hall,
          enter_ossuary_1, uniq_blork_the_orc, uniq_sigmund, uniq_maggie
D:7:      layout_loops_ring, amcnicky_altar_gilded, general_overflow_altar,
          kennysheep_little_box, serial_shops, shop, serial_glass,
          glass_columns_b, glass_columns_a, glass_columns_b, glass_columns_a,
          glass_columns_c, glass_columns_b, hangedman_decor_points,
          hellmonk_guarded_unrand_night
D:8:      layout_basic, zin_statuary, corner_web_ring, grunt_ministairs_5
D:9:      layout_irregular_city
Temple:   nicolae_temple_x_marks_the_god

Skill      XL: |  1  2  3  4  5  6  7  8  9 10 |
---------------+-------------------------------+-----
Long Blades    | 4 5 6 7 8 10 12 | 12.8
Fighting       | 3 4 6 8 |  8.8
Armour         | 1 2 3 5 7 8 9 |  9.0
Stealth        | 1 2 |  2.7
Dodging        | 4 5 |  5.5
Throwing       | |  2.5

Action                   |  1- 3 |  4- 6 |  7- 9 | 10-12 || total
-------------------------+-------+-------+-------+-------++-------
Melee: Long sword        |    56 |   192 |   262 |   147 ||   657
       Headbutt          |     6 |    30 |    55 |    26 ||   117
       Punch             |       |     1 |     5 |     4 ||    10
Throw: Throwing net      |       |     3 |       |       ||     3
       Dart              |       |       |     2 |       ||     2
  Use: Scroll            |       |       |    15 |     1 ||    16
       Potion            |       |       |     3 |     5 ||     8
 Stab: Sleeping          |     1 |       |       |       ||     1
       Held in net/web   |       |     1 |       |       ||     1
Armor: Leather armour    |     7 |       |       |       ||     7
       Ring mail         |     8 |       |    47 |       ||    55
       Chain mail        |     6 |   116 |    62 |       ||   184
       Acid dragon scale |       |       |       |    62 ||    62
Dodge: Dodged            |    35 |    78 |   102 |    94 ||   309
